 Dungeon Crawl Stone Soup version 0.29-a0-542-g075992c915 (console) character file.

Game seed: 9104458267948726274

11225 Banquo the Thaumaturge (level 12, -10/90 HPs)
             Began as a Djinni Earth Elementalist on June 3, 2022.
             Was a Believer of Ashenzari.
             Engulfed by an ice statue's freezing vapour (12 damage)
             ... in an ice cave.
             The game lasted 01:21:43 (16127 turns).

Banquo the Thaumaturge (Djinni Earth Elementalist) Turns: 16127, Time: 01:21:43

Health: -10/90     AC: 10    Str:  7    XL:     12   Next: 5%
Gold:   1935       EV:  8    Int: 28    God:    Ashenzari [**....] SH:  5 Dex: 14

rFire   + + .      SeeInvis +   b - +2 short sword (venom)
rCold   . . .      Faith    .   i - +0 buckler
rNeg    . . .      Spirit   +   V - +1 scale mail {rC+}
rPois   ∞          Reflect  .   h - +1 helmet "At What Cost Knowledge?" {Self, Range} (curse)
rElec   .          Harm     .   (no cloak)
rCorr   .          Rampage  .   (no gloves)
Will    +....                   (boots unavailable)
Stlth   +.........              Q - amulet of the Sibylline Augurer {Spirit, Cun, Range} (curse)
HPRegen 0.25/turn               I - +6 ring of intelligence
MPRegen 0.00/turn               C - ring of the Sphere {Wiz, Melee, Self} (curse)

@: flying, invisible
A: sickness immunity, fire resistance 2, cold vulnerability 1, float, innate
caster, HP casting, extra vitality 1
a: Renounce Religion, Shatter the Chains


You were in an ice cave.
You worshipped Ashenzari.
Ashenzari was pleased with you.
You visited 2 branches of the dungeon, and saw 12 of its levels.
You also visited: Ossuary and Ice Cave.

You collected 1935 gold pieces.

Inventory:

Hand Weapons
 a - a +5 spear
 b - a +2 short sword of venom (weapon)
 r - a +4 scimitar of flaming
 H - a +2 flail of holy wrath
 X - the +7 hunting sling of Fragile Peace {venom, rElec}
   (You took it off a wight on level 9 of the Dungeon)

   Any ammunition fired from it poisons the flesh of those it strikes.
   rElec:     It insulates you from electricity.
 Y - a +2 vampiric scimitar
Missiles
 t - 7 boomerangs
 R - 325 stones
Armour
 d - the +1 robe of the Sun {rElec Str+6}
   (You found it on level 8 of the Dungeon)

   Str:       It affects your strength (+6).
   rElec:     It insulates you from electricity.
 h - the cursed +1 helmet "At What Cost Knowledge?" (worn) {Self, Range}
   (You found it on level 2 of the Dungeon)

   It has a curse which improves the following skills: Introspection: Fighting
   and Spellcasting.
   Ranged Combat: Slings, Bows, Crossbows and Throwing.
 i - a +0 buckler (worn)
 T - a +1 troll leather armour {Snorg}
 V - a +1 scale mail of cold resistance (worn)
Jewellery
 e - a ring of willpower
 A - a ring of fire
 C - the cursed ring of the Sphere (right hand) {Wiz, Melee, Self}
   (You took it off an orc on level 6 of the Dungeon)

   [ring of wizardry]

   It improves your spell success rate.
   It has a curse which improves the following skills: Melee Combat: Short
   Blades, Long Blades, Axes, Maces & Flails, Polearms, Staves and Unarmed
   Combat.
   Introspection: Fighting and Spellcasting.
 I - a +6 ring of intelligence (left hand)
 Q - the cursed amulet of the Sibylline Augurer (around neck) {Spirit, Cun, Range}
   (You found it on level 10 of the Dungeon)

   [amulet of guardian spirit]

   It causes incoming damage to be divided between your reserves of health and
   magic.
   It has a curse which improves the following skills: Cunning: Dodging and
   Stealth.
   Ranged Combat: Slings, Bows, Crossbows and Throwing.
Wands
 j - a wand of charming (5)
 p - a wand of iceblast (25)
 N - a wand of paralysis (9)
Scrolls
 f - 2 scrolls of poison
 g - 7 scrolls of blinking
 n - 4 scrolls of fog
 o - a scroll of brand weapon
 x - a scroll of acquirement
 z - 2 scrolls of fear
 E - 2 scrolls of enchant weapon
 G - a scroll of enchant armour
 M - 3 scrolls of teleportation
 U - a scroll of magic mapping
Potions
 c - 2 potions of curing
 k - 3 potions of ambrosia
 l - 3 potions of invisibility
 m - 4 potions of resistance
 q - 3 potions of mutation
 u - 2 potions of cancellation
 w - a potion of haste
 D - 2 potions of lignification
 J - 3 potions of might
 O - a potion of berserk rage
 P - 2 potions of heal wounds


   Skills:
 * Level 7.6(9.6) Fighting
 - Level 4.0 Armour
 * Level 5.1(6.3) Dodging
 - Level 1.5(2.4) Stealth
 - Level 4.0 Shields
 + Level 11.8(13.6) Spellcasting


You had 15 spell levels left.
You knew the following spells:

 Your Spells              Type           Power      Damage    Failure   Level
a - Sandblast             Erth           100%       2d20      1%          1
b - Passwall              Tmut/Erth      64%        N/A       1%          2
c - Stone Arrow           Conj/Erth      100%       3d13      1%          3
d - Animate Dead          Necr           77%        N/A       1%          4
e - Beastly Appendage     Tmut           100%       N/A       1%          1
f - Petrify               Tmut/Erth      77%        N/A       1%          4
g - Summon Guardian Gole  Hex/Summ       77%        N/A       1%          3
h - Call Canine Familiar  Summ           77%        N/A       1%          3
i - Call Imp              Summ           77%        N/A       1%          2
Your spell library was empty.

Dungeon Overview and Level Annotations

Branches:
Dungeon (11/15)            Temple (1/1) D:7         Ossuary (visited)
  IceCv (1/1)
   Lair: D:8-11         Orc: D:9-12

Altars:
Ashenzari
Cheibriados
Dithmenos
Elyvilon
Fedhas
Gozag
Hepliaklqana
Kikubaaqudgha
Makhleb
Nemelex Xobeh
Okawaru
Qazlal
Ru
Sif Muna
Trog
Uskayaw
Vehumet
Wu Jian
Xom
Yredelemnul
Zin
The Shining One

Shops:
D:8 =

Annotations:
IceCv exclusion: 2 ice statues


Innate Abilities, Weirdness & Mutations

You are immune to sickness and miasma.
You are immune to poison.
Your flesh is very heat resistant. (rF++)
You are vulnerable to cold. (rC-)
You float through the air rather than walking.
You learn spells naturally, not from books.
Your magical power is your life essence.
You have superior vitality. (+4 MHP)


Message History

You are engulfed in freezing vapours.
The ice statue gestures at you. x2
The bolt of cold hits you!
Aiming: Stone Arrow (safe; 1% risk of failure)
Press: ? - help, Q - select action, (/) - cycle Shift-Dir - straight line, f/p - ice statue
Aim: an ice statue (freezing vapour, lightly damaged, can't see you, 100% to hit)
The stone arrow hits the ice statue!
The ice statue is moderately damaged.
You are engulfed in freezing vapours.
* * * LOW HITPOINT WARNING * * *
Unknown command.
Aiming: Stone Arrow (safe; 1% risk of failure)
Press: ? - help, Q - select action, (/) - cycle Shift-Dir - straight line, f/p - ice statue
Aim: an ice statue (freezing vapour, moderately damaged, can't see you, 100% to hit)
Okay, then.
Really fly into that cloud of freezing vapour?
Okay, then.
Unknown command.
Unknown command.
Aiming: Stone Arrow (safe; 1% risk of failure)
Press: ? - help, Q - select action, (/) - cycle Shift-Dir - straight line, f/p - ice statue
Aim: an ice statue (freezing vapour, moderately damaged, can't see you, 100% to hit)
The stone arrow hits the ice statue!
The ice statue is heavily damaged.
* * * LOW HITPOINT WARNING * * *
Aiming: Stone Arrow (safe; 1% risk of failure)
Press: ? - help, Q - select action, (/) - cycle Shift-Dir - straight line, f/p - ice statue
Aim: an ice statue (freezing vapour, heavily damaged, can't see you, 100% to hit)
The stone arrow hits the ice statue!!!
The ice statue is almost destroyed.
* * * LOW HITPOINT WARNING * * *
The ice statue gestures at you. The shard of ice hits you!
* * * LOW HITPOINT WARNING * * *
Unknown command.
You don't have enough health to cast this spell.
Unknown command.
The ice statue gestures at something.
You are engulfed in freezing vapours.
You die...

###### ###.....#
##........ *
##☼☼....... ####
#8☼°.......
##..########☼°○......
##....##..##..☼○......
*
#............@○☼......
,
#..∩∩.............⌠...,
,, ,
#.......##............
##....######..........
##..## ##......... ,
#### 8......... *
#......... ##.......
##.... *


You could see 2 ice statues.

Vanquished Creatures
  Pikel (D:6)
  2 efreet (D:9)
  A kobold demonologist (D:9)
  An ice devil (IceCv)
  A troll (D:9)
  Grinder (D:6)
  A wyvern (D:9)
  A vampire (D:8)
  A steam dragon (D:5)
  A water moccasin (D:5)
  Duvessa (D:5)
  4 orc warriors
  An ogre (D:5)
  4 centaurs
  2 lemures
  2 kobold brigands
  A bullfrog (D:7)
  A scorpion (D:4)
  A gnoll sergeant (D:9)
  3 wights (D:9)
  Dowan (D:5)
  9 killer bees
  A howler monkey (D:9)
  A centaur zombie (Ossuary)
  2 quasits (D:8)
  2 jellies
  3 orc priests
  2 hounds
  2 orc wizards
  4 iguanas (D:5)
  4 mummies (Ossuary)
  2 gnolls (D:9)
  6 adders
  2 white imps
  An ufetubus (D:3)
  2 dart slugs
  18 orcs
  8 bats
  11 endoplasms
  7 giant cockroaches
  2 goblins
  6 hobgoblins
  3 jackals (D:2)
  7 kobolds
  6 quokkas
  3 ball pythons
  5 frilled lizards
  A hobgoblin zombie (Ossuary)
  4 rats (D:1)
156 creatures vanquished.

Vanquished Creatures (collateral kills)
  Snorg (D:11)
  A two-headed ogre (D:10)
  Amaemon (D:10)
  Maggie (D:7)
  An ice devil (IceCv)
  Sigmund (D:6)
  A wraith (D:10)
  A shadow (D:11)
  3 wyverns
  3 yaks (D:10)
  A water moccasin (D:6)
  An orc warrior (D:6)
  2 ice beasts
  A black bear (D:7)
  2 ogres
  3 kobold brigands
  Blork the orc (D:6)
  A bullfrog (D:7)
  6 wights
  5 killer bees
  A centaur zombie (Ossuary)
  A jelly (D:6)
  2 orc priests
  An iguana (D:6)
  3 orc wizards (D:9)
  A spriggan simulacrum (IceCv)
  2 mummies (Ossuary)
  A gnoll (D:9)
  A white imp (IceCv)
  23 orcs
  4 hobgoblin zombies (Ossuary)
  10 kobolds
87 creatures vanquished.

Vanquished Creatures (others)
  An orange demon (D:10)
  An ice devil (IceCv)
  An orc warrior (D:8)
  A kobold brigand (D:9)
  A wight (D:9)
  A yak zombie (D:10)
  An orc wizard (D:9)
  A plant (D:5)
8 creatures vanquished.

Grand Total: 251 creatures vanquished

Notes
Turn   | Place    | Note
-------+----------+-------------------------------------------
     0 | D:1      | Banquo the Djinni Earth Elementalist began the quest for
                  | the Orb.
     0 | D:1      | Reached XP level 1. HP: 15/15 MP: 0/0
   558 | D:1      | Reached XP level 2. HP: 22/22 MP: 0/0
   840 | D:1      | Reached skill level 3 in Spellcasting
   868 | D:1      | Reached XP level 3. HP: 25/26 MP: 0/0
   868 | D:1      | Learned a level 1 spell: Beastly Appendage
  1031 | D:1      | Reached skill level 1 in Fighting
  1985 | D:2      | Reached XP level 4. HP: 32/32 MP: 0/0
  2362 | D:2      | Found a faded altar of an unknown god.
  2532 | D:3      | Found a sacrificial altar of Ru.
  2538 | D:3      | Reached XP level 5. HP: 34/37 MP: 0/0
  2538 | D:3      | Learned a level 2 spell: Call Imp
  2716 | D:3      | Reached skill level 1 in Shields
  2716 | D:3      | Reached skill level 4 in Spellcasting
  2789 | D:3      | Found a stormy altar of Qazlal.
  2847 | D:3      | Found a blossoming altar of Fedhas.
  3321 | D:4      | Reached XP level 6. HP: 37/43 MP: 0/0
  4183 | D:4      | Noticed an ogre
  4378 | D:5      | Entered Level 5 of the Dungeon
  4686 | D:5      | Reached skill level 5 in Spellcasting
  4686 | D:5      | Reached XP level 7. HP: 40/49 MP: 0/0
  4686 | D:5      | Learned a level 3 spell: Call Canine Familiar
  4858 | D:5      | Noticed Dowan
  4873 | D:5      | Noticed a steam dragon
  4879 | D:5      | Killed a steam dragon
  5223 | D:5      | Noticed a water moccasin
  5227 | D:5      | Killed a water moccasin
  5228 | D:5      | Reached XP level 8. HP: 46/56 MP: 0/0
  5568 | D:5      | Killed Dowan
  5569 | D:5      | Reached skill level 6 in Spellcasting
  5887 | D:5      | Noticed Duvessa
  5914 | D:5      | Killed Duvessa
  6178 | D:6      | Noticed Grinder
  6180 | D:6      | Noticed Pikel
  6529 | D:6      | Paralysed by Grinder for 3 turns
  6547 | D:6      | Killed Grinder
  6758 | D:6      | Killed Pikel
  6759 | D:6      | Reached skill level 7 in Spellcasting
  6759 | D:6      | Reached XP level 9. HP: 24/63 MP: 0/0
  6759 | D:6      | Learned a level 3 spell: Summon Guardian Golem
  7081 | D:6      | Noticed Sigmund
  7101 | D:6      | Killed Sigmund
  7102 | D:6      | Reached skill level 8 in Spellcasting
  7239 | D:6      | Reached skill level 5 in Fighting
  7323 | D:6      | Noticed Blork the orc
  7349 | D:6      | Killed Blork the orc
  8619 | D:7      | Reached XP level 10. HP: 69/70 MP: 0/0
  8676 | D:7      | Reached skill level 9 in Spellcasting
  9010 | D:7      | Found an opulent altar of Gozag.
  9012 | D:7      | Found a glowing golden altar of the Shining One.
  9247 | D:7      | Found a staircase to the Ecumenical Temple.
  9247 | D:7      | Noticed Maggie
  9290 | D:7      | Killed Maggie
  9305 | Temple   | Entered the Ecumenical Temple
  9523 | Temple   | Became a worshipper of Ashenzari the Shackled
 10185 | D:8      | Found a sand-covered staircase.
 10196 | Ossuary  | Entered an ossuary
 10373 | D:8      | Identified the +1 robe of the Sun {rElec Str+6}
 10499 | D:8      | Reached skill level 10 in Spellcasting
 10705 | D:8      | Found the +7 Kryia's mail coat {PotionHeal*2 rC+}
 10752 | D:8      | Found Nolesov's Jewellery Emporium.
 11189 | D:8      | Reached skill level 1 in Armour
 11392 | D:9      | Reached * piety under Ashenzari
 11392 | D:9      | Identified a scroll of acquirement
 11412 | D:9      | Found an iron altar of Okawaru.
 11428 | D:9      | Found a basalt altar of Yredelemnul.
 11473 | D:9      | Found a burning altar of Makhleb.
 11606 | D:9      | Noticed a kobold demonologist
 11728 | D:9      | Noticed an efreet
 11741 | D:9      | Killed an efreet
 11752 | D:9      | Reached XP level 11. HP: 33/81 MP: 0/0
 11752 | D:9      | Learned a level 4 spell: Animate Dead
 12718 | D:9      | Noticed a sun demon
 12742 | D:9      | Noticed a sixfirhy
 12958 | D:9      | Reached skill level 11 in Spellcasting
 13080 | D:9      | Identified the +7 hunting sling of Fragile Peace {venom,
                  | rElec}
 13366 | D:9      | Found a burning altar of Makhleb.
 13396 | D:9      | Found an iron altar of Okawaru.
 13464 | D:9      | Found a basalt altar of Yredelemnul.
 14038 | D:10     | Entered Level 10 of the Dungeon
 14434 | D:10     | Noticed a two-headed ogre
 14451 | D:10     | Killed a two-headed ogre
 14763 | D:10     | Found a glowing silver altar of Zin.
 14845 | D:10     | Found a hazy altar of Hepliaklqana.
 14845 | D:10     | Found a white marble altar of Elyvilon.
 14865 | D:10     | Noticed Amaemon
 15063 | D:10     | Acquired 1165 gold pieces
 15120 | D:10     | Killed Amaemon
 15179 | D:10     | Reached ** piety under Ashenzari
 15329 | D:11     | Noticed Snorg
 15345 | D:11     | Killed Snorg
 15346 | D:11     | Found a frozen archway.
 15468 | IceCv    | Entered an ice cave
 15531 | IceCv    | Reached skill level 5 in Dodging
 15601 | IceCv    | Reached XP level 12. HP: 76/90 MP: 0/0
 16125 | IceCv    | HP: 2/90 [ice statue/shard of ice (17)]
 16127 | IceCv    | Engulfed by an ice statue's freezing vapour

Illustrated notes

Levels and vault maps discovered:
D:1:      dpeg_arrival_prison, layout_basic
D:2:      cheibrodos_old_hovel, layout_basic,
          hellmonk_ecumenical_altar_dog_temple, kennysheep_generic_room_13
D:3:      layout_rooms, fedhas_ov_isle_minmay, old_standard_altar,
          nicolae_ru_great_annihilating_truth, grunt_decor_mini_mirrors
D:4:      layout_loops_ring
D:5:      layout_basic, st_stairs_3, chequers_big_river, uniq_duvessa
D:6:      layout_loops_cross, uniq_sigmund, uniq_grinder, uniq_pikel,
          uniq_blork_the_orc
D:7:      layout_basic, mainiacjoe_overflow_catwalk_spiral, temple_fountains,
          uniq_maggie
D:8:      cheibrodos_quashed, layout_basic, enter_ossuary_3, serial_shops, shop,
          chequers_serial_rivers_small_b
D:9:      layout_stronghold, mainiacjoe_overflow_tiny_flanked,
          mainiacjoe_overflow_cross_hatched, yredelemnul_altar_generic,
          hangedman_minor_gate_pass
D:10:     layout_loops_ring, mainiacjoe_overflow_24_doors,
          gammafunk_temple_overflow_elements, minmay_misc_feat_ornament,
          minivault_26, kennysheep_generic_room_3, uniq_amaemon
D:11:     layout_roguey, david_lair_shrubbed, serial_undead, serial_undead_e,
          serial_undead_a, serial_undead_d, serial_undead_b, serial_undead_e,
          serial_undead_a, serial_undead_b, portal_ice_cave_entry_pillars_1,
          uniq_josephine, uniq_snorg
Temple:   jpeg_temple_clearing
IceCv:    ice_cave_tombish

Skill      XL: |  1  2  3  4  5  6  7  8  9 10 11 12 |
---------------+-------------------------------------+-----
Spellcasting   | 3 4 5 7 8 10 11 | 11.8
Fighting       | 1 2 3 4 5 6 7 |  7.6
Shields        | 1 2 4 |  4.0
Armour         | 1 3 4 |  4.0
Dodging        | 3 5 |  5.1
Stealth        | |  1.5

Action                   |  1- 3 |  4- 6 |  7- 9 | 10-12 || total
-------------------------+-------+-------+-------+-------++-------
Melee: Spear             |    18 |     3 |     1 |       ||    22
       Flail             |       |       |       |     1 ||     1
 Cast: Sandblast         |    55 |    48 |     5 |    15 ||   123
       Stone Arrow       |       |    24 |    55 |   104 ||   183
       Call Imp          |       |       |     8 |    26 ||    34
       Summon Guardian G |       |       |    11 |    50 ||    61
       Call Canine Famil |       |       |     8 |    45 ||    53
       Passwall          |       |       |       |     2 ||     2
       Animate Dead      |       |       |       |     4 ||     4
Invok: Curse Item        |       |       |       |     3 ||     3
  Use: Scroll            |       |     8 |     5 |     1 ||    14
       Potion            |       |       |       |     2 ||     2
 Stab: Sleeping          |       |     2 |       |       ||     2
Armor: Robe              |    16 |     4 |     3 |    13 ||    36
       Scale mail        |       |       |       |    14 ||    14
Dodge: Dodged            |    33 |    26 |     5 |    26 ||    90
Block: Buckler           |       |     6 |     2 |    12 ||    20

Table legend: (Time is in decaauts)
 A = Elapsed time spent in this place.
 B = Non-inter-level travel time spent in this place.
 C = Inter-level travel time spent in this place.
 D = Time resting spent in this place.
 E = Time spent auto-exploring this place.
 F = Levels seen in this place.
 G = Mean time per level.
                   A        B        C        D        E       F      G
               +--------+--------+--------+--------+--------+-----+--------+
         Total |  16113 |  15008 |   1105 |   4218 |   7243 |  14 | 1150.9 |
       Dungeon |  15072 |  14012 |   1060 |   3641 |   7068 |  11 | 1370.2 |
        Temple |    233 |    188 |     45 |      0 |    175 |   1 |  233.0 |
       Ossuary |    165 |    165 |      0 |     82 |      0 |   1 |  165.0 |
      Ice Cave |    641 |    641 |      0 |    495 |      0 |   1 |  641.0 |
               +--------+--------+--------+--------+--------+-----+--------+

Top non-repeatable levels by time:
     D:9: 2791 daAuts
     D:5: 2155 daAuts
     D:6: 1798 daAuts
     D:1: 1653 daAuts
     D:7: 1403 daAuts
     D:4: 1197 daAuts
    D:10: 1164 daAuts
     D:8: 1113 daAuts
     D:2: 882 daAuts
     D:3: 776 daAuts
   IceCv: 641 daAuts
  Temple: 233 daAuts
 Ossuary: 165 daAuts
    D:11: 138 daAuts
